MLB
SEATTLE MARINERS @ NEW YORK YANKEES
10/01/2047
 
TOP OF THE 1ST
Seattle Mariners batting - Pitching for New York Yankees : RHP Chris McCoy
Pitching: RHP Chris McCoy
Batting: RHB Tony Vargas 0-0: Ball
1-0: Ball
2-0: Ground out 6-3 (Groundball, 6S, EV 84.4 MPH)
Batting: LHB Bi-jun Chien 0-0: Ball
1-0: Ball
2-0: Foul Ball, location: 2F
2-1: Ground out 4-3 (Groundball, 4, EV 88.1 MPH)
Batting: SHB Floyd-William Goof 0-0: Swinging Strike
0-1: Swinging Strike
0-2: Ground out 4-3 (Groundball, 4, EV 103.1 MPH)
Top of the 1st over - 0 runs, 0 hits, 0 errors, 0 left on base; Seattle 0 - New York 0
BOTTOM OF THE 1ST
New York Yankees batting - Pitching for Seattle Mariners : RHP Tom Graham
Pitching: RHP Tom Graham
Batting: LHB Jason Peck 0-0: Called Strike
0-1: Foul Ball, location: 2F
0-2: Foul Ball, location: 2F
0-2: Ball
1-2: Ground out 4-3 (Groundball, 4, EV 82.5 MPH)
Batting: RHB C.J. Richerson 0-0: Ball
1-0: Called Strike
1-1: Called Strike
1-2: Fly out, F3 (Popup, 3SF, EV 73.8 MPH)
Batting: SHB Bartholomeu Chambino 0-0: Foul Ball, location: 2F
0-1: Called Strike
0-2: Fly out, F8 (Flyball, 8LXD, EV 108.1 MPH)
Bottom of the 1st over - 0 runs, 0 hits, 0 errors, 0 left on base; Seattle 0 - New York 0
TOP OF THE 2ND
Seattle Mariners batting - Pitching for New York Yankees : RHP Chris McCoy
Batting: LHB Dae-ik Yoon 0-0: Ball
1-0: SINGLE (Groundball, 34D, EV 108.1 MPH)
Batting: RHB Jose Vasquez 0-0: Called Strike
0-1: Ball
1-1: Foul Ball, location: 2F
1-2: Ball
2-2: Ball
3-2: Fly out, F7 (Flyball, 7, EV 96.2 MPH)
Batting: RHB Pavpv Ivanushkin 0-0: Called Strike
0-1: Ball
Dae-ik Yoon steals 2nd base
1-1: Swinging Strike
1-2: Fly out, F9 (Flyball, 9LS, EV 90.0 MPH)
Batting: RHB Harutomi Matsubara 0-0: Ball
1-0: Ball
2-0: Called Strike
2-1: Foul Ball, location: 2F
2-2: Strikes out swinging
Top of the 2nd over - 0 runs, 1 hit, 0 errors, 1 left on base; Seattle 0 - New York 0
BOTTOM OF THE 2ND
New York Yankees batting - Pitching for Seattle Mariners : RHP Tom Graham
Batting: LHB Evan Torraville 0-0: Ball
1-0: SINGLE (Groundball, 34S, EV 64.4 MPH) (infield hit)
Batting: RHB Adriaan Pieters 0-0: Ball
1-0: Ground out 5-3 (Groundball, 56S, EV 65.6 MPH)
Evan Torraville to second
Batting: LHB Jim Skare 0-0: Ball
1-0: Swinging Strike
1-1: Ball
2-1: Ball
3-1: Base on Balls
Batting: LHB David Bramble 0-0: Ball
1-0: Ball
2-0: SINGLE (Groundball, 34D, EV 96.2 MPH)
Evan Torraville to third
Jim Skare to second
Runner from 3rd tries for Home, SAFE, throw by RF to home
Batting: LHB Joel Vera 0-0: Called Strike
0-1: Swinging Strike
0-2: Strikes out looking
Batting: RHB Geni Prawiranega 0-0: Called Strike
0-1: Fly out, F5 (Popup, 5F, EV 65.0 MPH)
Bottom of the 2nd over - 1 run, 2 hits, 0 errors, 2 left on base; Seattle 0 - New York 1
TOP OF THE 3RD
Seattle Mariners batting - Pitching for New York Yankees : RHP Chris McCoy
Batting: LHB Josh Pittman 0-0: Foul Ball, location: 2F
0-1: Foul Ball, location: 2F
0-2: Ball
1-2: Strikes out swinging
Batting: RHB Corey Ottinger 0-0: Ball
1-0: Called Strike
1-1: Called Strike
1-2: Fly out, F8 (Flyball, 8LD, EV 90.0 MPH)
Batting: RHB Tony Vargas 0-0: Foul Ball, location: 2F
0-1: Ball
1-1: Swinging Strike
1-2: Ball
2-2: Strikes out swinging passed ball, reaches first!
Batting: LHB Bi-jun Chien 0-0: Ball
1-0: Ball
2-0: Called Strike
2-1: SINGLE (Groundball, 56D, EV 98.8 MPH)
Tony Vargas to second
Runner from 2nd tries for 3rd, OUT! 7-5
Top of the 3rd over - 0 runs, 1 hit, 0 errors, 1 left on base; Seattle 0 - New York 1
BOTTOM OF THE 3RD
New York Yankees batting - Pitching for Seattle Mariners : RHP Tom Graham
Batting: LHB Jason Peck 0-0: Fly out, F9 (Flyball, 9LSF, EV 88.8 MPH)
Batting: RHB C.J. Richerson 0-0: Swinging Strike
0-1: Called Strike
0-2: Ball
1-2: Foul Ball, location: 2F
1-2: Ball
2-2: Foul Ball, location: 2F
2-2: SINGLE (Groundball, 56D, EV 104.4 MPH)
Batting: SHB Bartholomeu Chambino 0-0: Called Strike
0-1: Swinging Strike
0-2: Foul Ball, location: 2F
0-2: Fielders Choice at 2nd, 4-6 (Groundball, 4, EV 80.0 MPH)
Batting: LHB Evan Torraville 0-0: Ball
1-0: Ball
2-0: Foul Ball, location: 2F
2-1: Ground out 4-3 (Groundball, 34D, EV 106.9 MPH)
Bottom of the 3rd over - 0 runs, 1 hit, 0 errors, 1 left on base; Seattle 0 - New York 1
TOP OF THE 4TH
Seattle Mariners batting - Pitching for New York Yankees : RHP Chris McCoy
Batting: SHB Floyd-William Goof 0-0: Called Strike
0-1: Ball
1-1: SINGLE (Line Drive, 6D, EV 109.4 MPH)
Batting: LHB Dae-ik Yoon 0-0: Foul Ball, location: 2F
0-1: Foul Ball, location: 2F
0-2: Ball
1-2: Strikes out looking
Batting: RHB Jose Vasquez 0-0: Called Strike
0-1: Ball
1-1: SINGLE (Line Drive, 9LM, EV 90.0 MPH)
Floyd-William Goof to second
Batting: RHB Pavpv Ivanushkin 0-0: Ball
1-0: Called Strike
1-1: Called Strike
1-2: Ball
2-2: 3-RUN HOME RUN (Flyball, 7LD, EV 90.0 MPH), Distance : 333 ft
Batting: RHB Harutomi Matsubara 0-0: Ball
1-0: Ground out 4-3 (Groundball, 34D, EV 90.0 MPH)
Batting: LHB Josh Pittman 0-0: Called Strike
0-1: Called Strike
0-2: Ball
1-2: Ball
2-2: Fly out, F9 (Flyball, 9LM, EV 88.1 MPH)
Top of the 4th over - 3 runs, 3 hits, 0 errors, 0 left on base; Seattle 3 - New York 1
BOTTOM OF THE 4TH
New York Yankees batting - Pitching for Seattle Mariners : RHP Tom Graham
Batting: RHB Adriaan Pieters 0-0: SINGLE (Line Drive, 4D, EV 95.0 MPH)
Batting: LHB Jim Skare 0-0: Ball
1-0: Called Strike
1-1: Ball
2-1: Fly out, F7 (Line Drive, 7S, EV 86.2 MPH)
Pitching: RHP Omar Colunga
Batting: LHB David Bramble 0-0: Ball
1-0: Ball
2-0: Swinging Strike
2-1: Called Strike
2-2: Fly out, F9 (Line Drive, 9S, EV 106.9 MPH)
Batting: LHB Joel Vera 0-0: Ball
1-0: Called Strike
1-1: Ground out U3 (Groundball, 3, EV 102.5 MPH)
Bottom of the 4th over - 0 runs, 1 hit, 0 errors, 1 left on base; Seattle 3 - New York 1
TOP OF THE 5TH
Seattle Mariners batting - Pitching for New York Yankees : RHP Chris McCoy
Batting: RHB Corey Ottinger 0-0: Called Strike
0-1: Ball
1-1: Ball
2-1: Ball
3-1: Foul Ball, location: 2F
3-2: Strikes out swinging
Batting: RHB Tony Vargas 0-0: Ground out 5-3 (Groundball, 56S, EV 93.8 MPH)
Batting: LHB Bi-jun Chien 0-0: Ball
1-0: Ball
2-0: Foul Ball, location: 2F
2-1: Ball
3-1: Base on Balls
Batting: SHB Floyd-William Goof 0-0: Ball
1-0: Swinging Strike
1-1: Called Strike
1-2: Strikes out swinging
Top of the 5th over - 0 runs, 0 hits, 0 errors, 1 left on base; Seattle 3 - New York 1
BOTTOM OF THE 5TH
New York Yankees batting - Pitching for Seattle Mariners : RHP Omar Colunga
Batting: RHB Geni Prawiranega 0-0: Called Strike
0-1: Ball
1-1: Called Strike
1-2: Ball
2-2: Ball
3-2: Foul Ball, location: 2F
3-2: Ground out 5-3 (Groundball, 56, EV 111.2 MPH)
Batting: LHB Jason Peck 0-0: Ball
1-0: Ball
2-0: Called Strike
2-1: Swinging Strike
2-2: Ball
3-2: Strikes out swinging
Batting: RHB C.J. Richerson 0-0: Called Strike
0-1: Ball
1-1: Ground out 5-3 (Groundball, 5, EV 103.8 MPH)
Bottom of the 5th over - 0 runs, 0 hits, 0 errors, 0 left on base; Seattle 3 - New York 1
TOP OF THE 6TH
Seattle Mariners batting - Pitching for New York Yankees : RHP Chris McCoy
Batting: LHB Dae-ik Yoon 0-0: Swinging Strike
0-1: Ball
1-1: Ball
2-1: SINGLE (Line Drive, 56, EV 100.6 MPH)
Batting: RHB Jose Vasquez 0-0: Ball
1-0: Ball
2-0: Ball
3-0: Called Strike
3-1: Base on Balls
Dae-ik Yoon to second
Batting: RHB Pavpv Ivanushkin 0-0: Ball
1-0: Fielders Choice at 2nd, 5-4 (Groundball, 56, EV 84.4 MPH)
Dae-ik Yoon to third
Batting: RHB Harutomi Matsubara 0-0: Swinging Strike
0-1: Called Strike
0-2: Strikes out swinging
Batting: LHB Josh Pittman 0-0: Called Strike
0-1: Fly out, F8 (Flyball, 8RS, EV 91.2 MPH)
Top of the 6th over - 0 runs, 1 hit, 0 errors, 2 left on base; Seattle 3 - New York 1
BOTTOM OF THE 6TH
New York Yankees batting - Pitching for Seattle Mariners : RHP Omar Colunga
Batting: SHB Bartholomeu Chambino 0-0: Ball
1-0: Foul Ball, location: 2F
1-1: Ball
2-1: Ground out 4-3 (Groundball, 34D, EV 86.9 MPH)
Batting: LHB Evan Torraville 0-0: Foul Ball, location: 2F
0-1: Foul Ball, location: 2F
0-2: Ball
1-2: Ball
2-2: Ball
3-2: Strikes out swinging
Batting: RHB Adriaan Pieters 0-0: Called Strike
0-1: Called Strike
0-2: Strikes out swinging
Bottom of the 6th over - 0 runs, 0 hits, 0 errors, 0 left on base; Seattle 3 - New York 1
TOP OF THE 7TH
Seattle Mariners batting - Pitching for New York Yankees : RHP Chris McCoy
Batting: RHB Corey Ottinger 0-0: Called Strike
0-1: Ball
1-1: Ground out 4-3 (Groundball, 34D, EV 96.9 MPH)
Pitching: LHP Robert Cruz
Batting: RHB Tony Vargas 0-0: Called Strike
0-1: Ball
1-1: Ball
2-1: Swinging Strike
2-2: Ball
3-2: Base on Balls
Batting: LHB Bi-jun Chien 0-0: Ball
1-0: SINGLE (Groundball, 4, EV 103.1 MPH) (infield hit)
Tony Vargas to second
Batting: SHB Floyd-William Goof 0-0: Ball
1-0: SINGLE (Line Drive, 7S, EV 89.4 MPH)
Tony Vargas to third
Bi-jun Chien to second
Runner from 3rd tries for Home, SAFE, throw by LF to home
Batting: LHB Dae-ik Yoon 0-0: Ball
1-0: Ball
2-0: Ball
3-0: Base on Balls
Bi-jun Chien to third
Floyd-William Goof to second
Batting: RHB Jose Vasquez 0-0: Swinging Strike
0-1: Called Strike
0-2: Foul Ball, location: 2F
0-2: Ball
1-2: Ball
2-2: Ball
3-2: SINGLE (Groundball, 56, EV 101.2 MPH)
Bi-jun Chien scores
Floyd-William Goof to third
Dae-ik Yoon to second
Runner from 3rd tries for Home, SAFE, throw by LF to home
Pitching: RHP Chad Curry
Batting: RHB Pavpv Ivanushkin 0-0: Called Strike
0-1: Called Strike
0-2: Ball
1-2: Foul Ball, location: 2F
1-2: DOUBLE (Line Drive, 7LM, EV 103.8 MPH)
Dae-ik Yoon scores
Jose Vasquez to third
Runner from 3rd tries for Home, SAFE, throw by LF to trailing runner, SAFE at third!
Batting: RHB Harutomi Matsubara 0-0: Foul Ball, location: 2F
0-1: Swinging Strike
0-2: Foul Ball, location: 2F
0-2: Strikes out swinging
Batting: LHB Josh Pittman 0-0: SINGLE (Groundball, 34D, EV 97.5 MPH)
Pavpv Ivanushkin scores
Batting: RHB Corey Ottinger 0-0: Called Strike
0-1: Foul Ball, location: 2F
0-2: Ball
1-2: Fielders Choice at 2nd, 5-4 (Groundball, 5, EV 101.2 MPH)
Top of the 7th over - 6 runs, 5 hits, 0 errors, 1 left on base; Seattle 9 - New York 1
BOTTOM OF THE 7TH
New York Yankees batting - Pitching for Seattle Mariners : RHP Omar Colunga
Pinch Hitting: RHB James Boynton 0-0: Foul Ball, location: 2F
0-1: Ball
1-1: Ground out 6-3 (Groundball, 6MS, EV 67.5 MPH)
Batting: LHB David Bramble 0-0: Foul Ball, location: 2F
0-1: Foul Ball, location: 2F
0-2: SINGLE (Groundball, 4D, EV 98.8 MPH)
Batting: LHB Joel Vera 0-0: Ball
1-0: Fly out, F7 (Flyball, 78XD, EV 95.6 MPH)
Batting: RHB Geni Prawiranega 0-0: Ball
1-0: Ball
2-0: Called Strike
2-1: Called Strike
2-2: Ball
3-2: DOUBLE (Line Drive, 9LM, EV 99.4 MPH)
David Bramble to third
David Bramble scores
Batting: LHB Jason Peck 0-0: Ball
1-0: Called Strike
1-1: Ball
2-1: Swinging Strike
2-2: Foul Ball, location: 2F
2-2: Ball
3-2: Foul Ball, location: 2F
3-2: Strikes out swinging
Bottom of the 7th over - 1 run, 2 hits, 0 errors, 1 left on base; Seattle 9 - New York 2
TOP OF THE 8TH
Seattle Mariners batting - Pitching for New York Yankees : RHP Chad Curry
Now at 1B: James Boynton
Batting: RHB Tony Vargas 0-0: Ground out 4-3 (Groundball, 4, EV 88.8 MPH)
Batting: LHB Bi-jun Chien 0-0: Called Strike
0-1: Ball
1-1: Swinging Strike
1-2: Hit by Pitch
Batting: SHB Floyd-William Goof 0-0: Fly out, F7 (Line Drive, 7D, EV 89.4 MPH)
Pitching: LHP Francisco Rivas
Batting: LHB Dae-ik Yoon 0-0: Ball
1-0: Called Strike
1-1: Foul Ball, location: 2F
1-2: Foul Ball, location: 2F
1-2: Ball
2-2: Ball
3-2: Fly out, F3 (Line Drive, 34, EV 70.0 MPH)
Top of the 8th over - 0 runs, 0 hits, 0 errors, 1 left on base; Seattle 9 - New York 2
BOTTOM OF THE 8TH
New York Yankees batting - Pitching for Seattle Mariners : RHP Omar Colunga
Pitching: RHP Jesse Crockett
Batting: RHB C.J. Richerson 0-0: Ground out 5-3 (Groundball, 5S, EV 70.0 MPH)
Batting: SHB Bartholomeu Chambino 0-0: Ball
1-0: Called Strike
1-1: Ball
2-1: Foul Ball, location: 2F
2-2: Foul Ball, location: 2F
2-2: Fly out, F7 (Line Drive, 78M, EV 85.6 MPH)
Batting: LHB Evan Torraville 0-0: Ball
1-0: Foul Ball, location: 2F
1-1: Ball
2-1: Called Strike
2-2: Ball
3-2: Foul Ball, location: 2F
3-2: Foul Ball, location: 2F
3-2: Fly out, F8 (Flyball, 78M, EV 83.1 MPH)
Bottom of the 8th over - 0 runs, 0 hits, 0 errors, 0 left on base; Seattle 9 - New York 2
TOP OF THE 9TH
Seattle Mariners batting - Pitching for New York Yankees : LHP Francisco Rivas
Batting: RHB Jose Vasquez 0-0: Foul Ball, location: 2F
0-1: Foul Ball, location: 2F
0-2: Ball
1-2: Strikes out swinging
Batting: RHB Pavpv Ivanushkin 0-0: Called Strike
0-1: Foul Ball, location: 2F
0-2: Ground out 6-3 (Groundball, 6, EV 80.0 MPH)
Batting: RHB Harutomi Matsubara 0-0: Called Strike
0-1: Ball
1-1: Ground out 3-1 (Groundball, 34, EV 100.6 MPH)
Top of the 9th over - 0 runs, 0 hits, 0 errors, 0 left on base; Seattle 9 - New York 2
BOTTOM OF THE 9TH
New York Yankees batting - Pitching for Seattle Mariners : RHP Jesse Crockett
Batting: RHB Adriaan Pieters 0-0: Foul Ball, location: 2F
0-1: Ball
1-1: Ground out U3 (Groundball, 3, EV 82.5 MPH)
Batting: RHB James Boynton 0-0: Ball
1-0: Ball
2-0: Fly out, F8 (Flyball, 8RXD, EV 83.1 MPH)
Batting: LHB David Bramble 0-0: Fly out, F3 (Line Drive, 3, EV 72.5 MPH)
Bottom of the 9th over - 0 runs, 0 hits, 0 errors, 0 left on base; Seattle 9 - New York 2
Thursday, December 15th , 2022 - OOTP Baseball 23.9 Build 102